EL
JACKSONVILLE SUNS @ BILOXI SHUCKERS
05/19/2048
 
TOP OF THE 1ST
Jacksonville Suns batting - Pitching for Biloxi Shuckers : RHP Aaron Saenz
Pitching: RHP Aaron Saenz
Batting: RHB Boof Howell 0-0: Ball
1-0: Foul Ball, location: 2F
1-1: Foul Ball, location: 2F
1-2: Ball
2-2: Fly out, F9 (Flyball, 9, EV 96.2 MPH)
Batting: RHB Miguel Velasco 0-0: Called Strike
0-1: Called Strike
0-2: Ball
1-2: Ball
2-2: SINGLE (Groundball, 6MD, EV 101.2 MPH)
Batting: LHB Dong-u Chang 0-0: Foul Ball, location: 2F
0-1: Ball
1-1: SINGLE (Groundball, 4M, EV 90.0 MPH) (infield hit)
Miguel Velasco to second
Batting: SHB Matt Moore 0-0: Called Strike
0-1: Ball
1-1: Ball
2-1: Fly out, F7 (Flyball, 7LS, EV 82.5 MPH)
Batting: RHB Len Graham 0-0: Called Strike
0-1: Ball
1-1: Fly out, F3 (Popup, 3SF, EV 71.2 MPH)
Top of the 1st over - 0 runs, 2 hits, 0 errors, 2 left on base; Jacksonville 0 - Biloxi 0
BOTTOM OF THE 1ST
Biloxi Shuckers batting - Pitching for Jacksonville Suns : RHP Cory Levine
Pitching: RHP Cory Levine
Batting: LHB Rick Campbell 0-0: Ball
1-0: Hit by Pitch
Batting: LHB Adam Hill 0-0: Ball
Rick Campbell steals 2nd base
1-0: Called Strike
1-1: Foul Ball, location: 2F
1-2: Ball
2-2: Ball
3-2: Foul Ball, location: 2F
3-2: Foul Ball, location: 2F
3-2: Foul Ball, location: 2F
3-2: Foul Ball, location: 2F
3-2: Strikes out swinging
Batting: SHB Orlando Torres 0-0: Ball
1-0: Foul Ball, location: 2F
1-1: Swinging Strike
1-2: Foul Ball, location: 2F
1-2: Strikes out swinging
Batting: SHB Mike Williams 0-0: Ball
1-0: Fly out, F8 (Flyball, 8RD, EV 83.8 MPH)
Bottom of the 1st over - 0 runs, 0 hits, 0 errors, 1 left on base; Jacksonville 0 - Biloxi 0
TOP OF THE 2ND
Jacksonville Suns batting - Pitching for Biloxi Shuckers : RHP Aaron Saenz
Batting: RHB Tom Thompson 0-0: Called Strike
0-1: Swinging Strike
0-2: Ball
1-2: Strikes out looking
Batting: RHB Alberto Bravo 0-0: Ball
1-0: Called Strike
1-1: Swinging Strike
1-2: Strikes out swinging
Batting: LHB Orlando Rivera 0-0: Called Strike
0-1: Ball
1-1: Fly out, F2 (Popup, 5SF, EV 86.9 MPH)
Top of the 2nd over - 0 runs, 0 hits, 0 errors, 0 left on base; Jacksonville 0 - Biloxi 0
BOTTOM OF THE 2ND
Biloxi Shuckers batting - Pitching for Jacksonville Suns : RHP Cory Levine
Batting: RHB Steve Byerly 0-0: Ball
1-0: Called Strike
1-1: Fly out, F8 (Flyball, 8RD, EV 108.8 MPH)
Batting: RHB Josh Nelson 0-0: Called Strike
0-1: Swinging Strike
0-2: Ball
1-2: Ball
2-2: Fly out, F7 (Flyball, 78S, EV 96.9 MPH)
Batting: RHB Brian Landrum 0-0: SINGLE (Flyball, 56D, EV 91.9 MPH)
Batting: RHB Cameron Rattenbury 0-0: Ball
1-0: Ball
2-0: Called Strike
2-1: Foul Ball, location: 2F
2-2: Foul Ball, location: 2F
2-2: Ball
Brian Landrum is caught stealing 2nd base 2-4
Bottom of the 2nd over - 0 runs, 1 hit, 0 errors, 0 left on base; Jacksonville 0 - Biloxi 0
TOP OF THE 3RD
Jacksonville Suns batting - Pitching for Biloxi Shuckers : RHP Aaron Saenz
Batting: LHB Emilio Cordero 0-0: Ball
1-0: Ball
2-0: Ball
3-0: Called Strike
3-1: Base on Balls
Batting: RHB Boof Howell 0-0: Called Strike
0-1: Ball
1-1: Grounds into double play, 3-6-3 (Groundball, 3, EV 102.5 MPH)
Batting: RHB Miguel Velasco 0-0: Swinging Strike
0-1: Ball
1-1: Swinging Strike
1-2: Foul Ball, location: 2F
1-2: Strikes out swinging, 2-3 out at first.
Top of the 3rd over - 0 runs, 0 hits, 0 errors, 0 left on base; Jacksonville 0 - Biloxi 0
BOTTOM OF THE 3RD
Biloxi Shuckers batting - Pitching for Jacksonville Suns : RHP Cory Levine
Batting: RHB Cameron Rattenbury 0-0: Called Strike
0-1: Ball
1-1: Ball
2-1: Ball
3-1: Fly out, F8 (Flyball, 8LD, EV 91.9 MPH)
Batting: RHB Chris Fruit 0-0: Called Strike
0-1: Ball
1-1: Bunt missed!
1-2: Foul Ball, location: 2F
1-2: Ground out 4-3 (Groundball, 4, EV 101.2 MPH)
Batting: LHB Rick Campbell 0-0: Ball
1-0: Ball
2-0: Ball
3-0: Base on Balls
Batting: LHB Adam Hill 0-0: Ball
Rick Campbell is caught stealing 2nd base 2-6
Bottom of the 3rd over - 0 runs, 0 hits, 0 errors, 0 left on base; Jacksonville 0 - Biloxi 0
TOP OF THE 4TH
Jacksonville Suns batting - Pitching for Biloxi Shuckers : RHP Aaron Saenz
Batting: LHB Dong-u Chang 0-0: Ball
1-0: Ball
2-0: Fly out, F7 (Flyball, 78D, EV 106.9 MPH)
Batting: SHB Matt Moore 0-0: Called Strike
0-1: Ball
1-1: Ground out 2-3 (Groundball, 15S, EV 70.6 MPH)
Batting: RHB Len Graham 0-0: Ball
1-0: Fly out, F9 (Flyball, 9, EV 90.0 MPH)
Top of the 4th over - 0 runs, 0 hits, 0 errors, 0 left on base; Jacksonville 0 - Biloxi 0
BOTTOM OF THE 4TH
Biloxi Shuckers batting - Pitching for Jacksonville Suns : RHP Cory Levine
Batting: LHB Adam Hill 0-0: Foul Ball, location: 2F
0-1: Ball
1-1: Fly out, F9 (Flyball, 9LM, EV 84.4 MPH)
Batting: SHB Orlando Torres 0-0: Called Strike
0-1: Ball
1-1: Ball
2-1: Fly out, F8 (Flyball, 8LD, EV 98.8 MPH)
Batting: SHB Mike Williams 0-0: Ball
1-0: Called Strike
1-1: Called Strike
1-2: Ball
2-2: Ball
3-2: Foul Ball, location: 2F
3-2: Base on Balls
Batting: RHB Steve Byerly 0-0: Ball
Mike Williams steals 2nd base
1-0: Swinging Strike
1-1: Ball
2-1: SINGLE (Line Drive, 7S, EV 99.4 MPH)
Mike Williams to third
Batting: RHB Josh Nelson 0-0: Called Strike
0-1: Ball
1-1: Ball
2-1: Foul Ball, location: 2F
2-2: Fly out, F7 (Flyball, 7D, EV 93.1 MPH)
Bottom of the 4th over - 0 runs, 1 hit, 0 errors, 2 left on base; Jacksonville 0 - Biloxi 0
TOP OF THE 5TH
Jacksonville Suns batting - Pitching for Biloxi Shuckers : RHP Aaron Saenz
Batting: RHB Tom Thompson 0-0: Called Strike
0-1: Ball
1-1: Ball
2-1: Foul Ball, location: 2F
2-2: SINGLE (Groundball, 4D, EV 101.2 MPH)
Batting: RHB Alberto Bravo 0-0: Foul Ball, location: 2F
0-1: Swinging Strike
0-2: Ball
1-2: Ball
2-2: Fly out, F8 (Flyball, 89M, EV 93.8 MPH)
Batting: LHB Orlando Rivera 0-0: Ball
Tom Thompson steals 2nd base
1-0: Called Strike
1-1: Foul Ball, location: 2F
1-2: Ground out 1-3 (Groundball, 13S, EV 65.0 MPH)
Tom Thompson to third
Batting: LHB Emilio Cordero 0-0: Fly out, F7 (Flyball, 7LM, EV 89.4 MPH)
Top of the 5th over - 0 runs, 1 hit, 0 errors, 1 left on base; Jacksonville 0 - Biloxi 0
BOTTOM OF THE 5TH
Biloxi Shuckers batting - Pitching for Jacksonville Suns : RHP Cory Levine
Batting: RHB Brian Landrum 0-0: Swinging Strike
0-1: Ball
1-1: Ball
2-1: Foul Ball, location: 2F
2-2: Ball
3-2: SOLO HOME RUN (Line Drive, 78XD, EV 101.2 MPH), Distance : 416 ft
Batting: RHB Cameron Rattenbury 0-0: Foul Ball, location: 2F
0-1: Ball
1-1: Ball
2-1: Foul Ball, location: 2F
2-2: Strikes out looking
Batting: RHB Chris Fruit 0-0: Ball
1-0: Ball
2-0: Called Strike
2-1: Ground out 6-3 (Groundball, 56, EV 103.1 MPH)
Batting: LHB Rick Campbell 0-0: Ground out 2-3 (Groundball, 2L, EV 70.0 MPH)
Bottom of the 5th over - 1 run, 1 hit, 0 errors, 0 left on base; Jacksonville 0 - Biloxi 1
TOP OF THE 6TH
Jacksonville Suns batting - Pitching for Biloxi Shuckers : RHP Aaron Saenz
Batting: RHB Boof Howell 0-0: Ball
1-0: Ball
2-0: Fly out, F5 (Line Drive, 5L, EV 70.0 MPH)
Batting: RHB Miguel Velasco 0-0: Ball
1-0: SINGLE (Groundball, 34D, EV 98.8 MPH)
Batting: LHB Dong-u Chang 0-0: Called Strike
0-1: Called Strike
0-2: Ball
1-2: Ball
2-2: Foul Ball, location: 2F
2-2: Strikes out swinging
Batting: SHB Matt Moore 0-0: SINGLE (Groundball, 6MD, EV 99.4 MPH)
Miguel Velasco to second
Runner from 2nd tries for 3rd, SAFE, throw by CF made to third
Batting: RHB Len Graham 0-0: Ball
1-0: Called Strike
1-1: Ground out 4-3 (Groundball, 34D, EV 95.0 MPH)
Top of the 6th over - 0 runs, 2 hits, 0 errors, 2 left on base; Jacksonville 0 - Biloxi 1
BOTTOM OF THE 6TH
Biloxi Shuckers batting - Pitching for Jacksonville Suns : RHP Cory Levine
Pitching: RHP Campbell Wagenmakers
Batting: LHB Adam Hill 0-0: Ball
1-0: Ball
2-0: Called Strike
2-1: Foul Ball, location: 2F
2-2: Foul Ball, location: 2F
2-2: Foul Ball, location: 2F
2-2: Strikes out swinging
Batting: SHB Orlando Torres 0-0: Swinging Strike
0-1: Ball
1-1: Called Strike
1-2: SINGLE (Groundball, 3D, EV 98.8 MPH)
Batting: SHB Mike Williams 0-0: Called Strike
Orlando Torres steals 2nd, throwing error, E2
Orlando Torres to third
0-1: Foul Ball, location: 2F
0-2: Ball
1-2: Foul Ball, location: 2F
1-2: Ball
2-2: Ground out 4-3 (Groundball, 4, EV 82.5 MPH)
Batting: RHB Steve Byerly 0-0: Ground out 4-3 (Groundball, 34, EV 105.0 MPH)
Bottom of the 6th over - 0 runs, 1 hit, 1 error, 1 left on base; Jacksonville 0 - Biloxi 1
TOP OF THE 7TH
Jacksonville Suns batting - Pitching for Biloxi Shuckers : RHP Aaron Saenz
Batting: RHB Tom Thompson 0-0: Called Strike
0-1: Ball
1-1: Called Strike
1-2: Ground out 6-3 (Groundball, 56, EV 78.1 MPH)
Pitching: LHP Jim McCutcheon
Batting: RHB Alberto Bravo 0-0: Ball
1-0: Ground out 6-3 (Groundball, 6, EV 108.8 MPH)
Batting: LHB Orlando Rivera 0-0: Called Strike
0-1: Ball
1-1: Foul Ball, location: 2F
1-2: Ball
2-2: Ground out 4-3 (Groundball, 4S, EV 65.6 MPH)
Top of the 7th over - 0 runs, 0 hits, 0 errors, 0 left on base; Jacksonville 0 - Biloxi 1
BOTTOM OF THE 7TH
Biloxi Shuckers batting - Pitching for Jacksonville Suns : RHP Campbell Wagenmakers
Batting: RHB Josh Nelson 0-0: Ball
1-0: Ground out 3-1 (Groundball, 34, EV 84.4 MPH)
Batting: RHB Brian Landrum 0-0: Called Strike
0-1: Ball
1-1: Ball
2-1: Foul Ball, location: 2F
2-2: Strikes out looking
Batting: RHB Cameron Rattenbury 0-0: Ball
1-0: Ground out 6-3 (Groundball, 6, EV 86.2 MPH)
Bottom of the 7th over - 0 runs, 0 hits, 0 errors, 0 left on base; Jacksonville 0 - Biloxi 1
TOP OF THE 8TH
Jacksonville Suns batting - Pitching for Biloxi Shuckers : LHP Jim McCutcheon
Batting: LHB Emilio Cordero 0-0: Swinging Strike
0-1: Ball
1-1: Swinging Strike
1-2: Foul Ball, location: 2F
1-2: Strikes out looking
Batting: RHB Boof Howell 0-0: Ball
1-0: Ball
2-0: Called Strike
2-1: Foul Ball, location: 2F
2-2: Ball
3-2: SINGLE (Groundball, 4D, EV 109.4 MPH)
Pitching: RHP Dan Landry
Batting: RHB Miguel Velasco 0-0: Called Strike
0-1: Ball
1-1: Ball
2-1: Foul Ball, location: 2F
2-2: Ball
3-2: DOUBLE (Flyball, 8RXD, EV 108.1 MPH)
Boof Howell to third
Batting: LHB Dong-u Chang 0-0: Swinging Strike
0-1: SINGLE (Groundball, 56, EV 97.5 MPH)
Boof Howell scores
Miguel Velasco to third
Batting: SHB Matt Moore 0-0: Ball
1-0: Ball
2-0: DOUBLE (Line Drive, 9LS, EV 110.0 MPH)
Miguel Velasco scores
Dong-u Chang to third
Runner from 3rd tries for Home, SAFE, no throw by RF
Pinch Hitting: LHB Carlos Mosqueda 0-0: Intentional Walk
Batting: RHB Tom Thompson 0-0: Fly out, F7 (Flyball, 78M, EV 86.9 MPH)
Batting: RHB Alberto Bravo 0-0: Called Strike
0-1: Foul Ball, location: 2F
0-2: Ball
1-2: Fielders Choice at 2nd, 5-4 (Groundball, 5L, EV 106.9 MPH)
Top of the 8th over - 3 runs, 4 hits, 0 errors, 2 left on base; Jacksonville 3 - Biloxi 1
BOTTOM OF THE 8TH
Biloxi Shuckers batting - Pitching for Jacksonville Suns : RHP Campbell Wagenmakers
Pitching: RHP Earl Shepherd
Now at 2B: Akira Suzuki
Batting: RHB Chris Fruit 0-0: Ball
1-0: SINGLE (Groundball, 4MD, EV 104.4 MPH)
Batting: LHB Rick Campbell 0-0: Called Strike
0-1: Swinging Strike
0-2: Foul Ball, location: 2F
0-2: Foul Ball, location: 2F
0-2: Ball
1-2: Ball
2-2: Strikes out looking
Batting: LHB Adam Hill 0-0: Ball
1-0: Grounds into double play, 4-6-3 (Groundball, 4, EV 83.1 MPH)
Bottom of the 8th over - 0 runs, 1 hit, 0 errors, 0 left on base; Jacksonville 3 - Biloxi 1
TOP OF THE 9TH
Jacksonville Suns batting - Pitching for Biloxi Shuckers : RHP Dan Landry
Pitching: LHP Benito Vargas
Batting: LHB Orlando Rivera 0-0: Ball
1-0: Ground out 1-3 (Groundball, 15S, EV 73.1 MPH)
Batting: LHB Emilio Cordero 0-0: Ball
1-0: Foul Ball, location: 2F
1-1: Called Strike
1-2: Strikes out swinging
Batting: RHB Boof Howell 0-0: Foul Ball, location: 2F
0-1: Ball
1-1: Ball
2-1: SINGLE (Line Drive, 56D, EV 94.4 MPH)
Batting: RHB Miguel Velasco 0-0: Swinging Strike
0-1: Ground out 4-3 (Groundball, 34, EV 85.6 MPH)
Top of the 9th over - 0 runs, 1 hit, 0 errors, 1 left on base; Jacksonville 3 - Biloxi 1
BOTTOM OF THE 9TH
Biloxi Shuckers batting - Pitching for Jacksonville Suns : RHP Earl Shepherd
Pitching: RHP Chris Forster
Batting: SHB Orlando Torres 0-0: Called Strike
0-1: Swinging Strike
0-2: Strikes out looking
Batting: SHB Mike Williams 0-0: Called Strike
0-1: Ball
1-1: Ball
2-1: Ball
3-1: Base on Balls
Batting: RHB Steve Byerly 0-0: Foul Ball, location: 2F
0-1: Fielders Choice at 2nd, 4-6 (Groundball, 4, EV 85.6 MPH)
Batting: RHB Josh Nelson 0-0: Ball
1-0: Called Strike
1-1: Foul Ball, location: 2F
1-2: Foul Ball, location: 2F
1-2: Strikes out swinging
Bottom of the 9th over - 0 runs, 0 hits, 0 errors, 1 left on base; Jacksonville 3 - Biloxi 1
Tuesday, March 28th , 2023 - OOTP Baseball 23.10 Build 110